 Dungeon Crawl Stone Soup version 0.24.1 (webtiles) character file.

Game seed: 1794937552782076380, levelgen mode: deterministic

112 Descartes the Sneak (level 4, -5/39 HPs)
             Began as a Naga Warper on Apr 4, 2020.
             Slain by an ice beast (6 damage)
             ... on level 3 of the Dungeon.
             The game lasted 00:09:02 (2661 turns).

Descartes the Sneak (Naga Warper)                   Turns: 2661, Time: 00:09:03

Health: -5/39      AC:  4    Str: 14    XL:     4   Next: 95%
Magic:  8/8        EV:  9    Int: 14    God:
Gold:   131        SH:  0    Dex: 10    Spells: 4/8 levels left

rFire    . . .     SeeInvis +   a - +0 falchion
rCold    . . .     Gourm    .   (no shield)
rNeg     . . .     Faith    .   p - +0 leather armour
rPois    +         Spirit   .   s - +0 helmet
rElec    .         Reflect  .   r - scarf {cloud immunity}
rCorr    .         Harm     .   (no gloves)
MR       .....                  (no barding)
Stlth    ++........             (no amulet)
HPRegen  0.13/turn              (no ring)
MPRegen  0.11/turn              (no ring)

@: very slow
A: large, see invisible, deformed body, poison resistance, slowness 2, slow
metabolism 1, spit poison 1, AC +1
a: Spit Poison


You were on level 3 of the Dungeon.
You were hungry.

You visited 1 branch of the dungeon, and saw 3 of its levels.

You collected 131 gold pieces.

Inventory:

Hand Weapons
 a - a +0 falchion (weapon)
 b - a +0 hunting sling
 y - a +1 short sword of venom
Missiles
 c - 44 poisoned darts
 e - 5 boomerangs of dispersal (quivered)
 i - 35 sling bullets
 k - 60 stones
Armour
 p - a +0 leather armour (worn)
 r - a scarf of cloud immunity (worn)
 s - a +0 helmet (worn)
 v - a +0 plate armour
 x - a +0 buckler
Scrolls
 d - 2 scrolls of blinking
 g - a scroll of identify {unknown}
 j - 2 scrolls of teleportation {unknown}
 m - 2 scrolls of remove curse
 o - a scroll of fear {unknown}
 u - a scroll of enchant weapon {unknown}
Potions
 l - 2 potions of curing
 n - a potion of mutation {unknown}
 q - a potion of brilliance {unknown}
 w - a potion of berserk rage {unknown}
Comestibles
 f - 4 rations
 t - a chunk of flesh


   Skills:
 + Level 2.1 Fighting
 - Level 2.0 Long Blades
 + Level 0.4(0.8) Slings
 - Level 0.9(1.0) Throwing
 + Level 1.0 Armour
 - Level 2.1 Dodging
 * Level 4.1 Stealth
 * Level 0.2 Shields
 + Level 2.7 Spellcasting
 * Level 3.2 Translocations


You had 4 spell levels left.
You knew the following spells:

 Your Spells              Type           Power        Failure   Level  Hunger
a - Blink                 Tloc           N/A          11%         2    ###....
b - Shroud of Golubria    Chrm/Tloc      #.....       22%         2    ###....

Your spell library contained the following spells:

 Spells                   Type           Power        Failure   Level  Hunger
 Gell's Gravitas          Tloc           ##........   22%         3    ###....
 Lesser Beckoning         Tloc           ##........   22%         3    ###....
 Teleport Other           Tloc           ##......     22%         3    ###....
 Animate Skeleton         Necr           N/A          26%         1    #......
 Pain                     Necr           #...         26%         1    #......
 Passage of Golubria      Tloc           N/A          56%         4    #####..
 Regeneration             Chrm/Necr      #.........   63%         3    ###....
 Vampiric Draining        Necr           #.........   63%         3    ###....
 Animate Dead             Necr           N/A          95%         4    #####..


Dungeon Overview and Level Annotations

Branches:
Dungeon (3/15)

Altars:
Ashenzari
Uskayaw


Innate Abilities, Weirdness & Mutations

You cannot wear boots.
Your serpentine skin is tough. (AC +1)
You have supernaturally acute eyesight. (SInv)
Armour fits poorly on your strangely shaped body.
Your system is resistant to poisons. (rPois)
You cover ground very slowly.
You have a slow metabolism.
You can spit poison.


Message History

You hit the ice beast.
The ice beast is lightly wounded.
The ice beast hits you but does no damage.
You closely miss the ice beast.
The ice beast is lightly wounded.
The ice beast hits you.
* * * LOW HITPOINT WARNING * * *
The ice beast freezes you.
* * * LOW HITPOINT WARNING * * *
The ice beast hits you but does no damage.
Casting: Blink (safe; 11% risk of failure)
Confirm with . or Enter, or press ? or * to list all spells.
You blink.
Unknown command.
The ice beast hits you but does no damage.
The ice beast hits you but does no damage.
The ice beast hits you.
* * * LOW HITPOINT WARNING * * *
The ice beast freezes you.
You die...

)######.# #.#
#.##.###.....
†)......# #.# #.##.#
#.....
###...########.#
#.##.# #.....
....(.'w.S...#.#
#.##.# #.....
.##...######.#.#
#.##.# #..... #####
#.#.# #.##.# ######
#.#.# #.##.#
#.#.######.##.#
#w#.÷@YS.#.##.#
#.######.#.##.#
######w# #.#.##.#
#....S.# #.#.##.#
#.###### #.#.##.#
#w# #.#.##.# #S#
#.#.##.# #.#
#.#.##.#
#.###########.#.##.#


You could see an ice beast and an adder.

Vanquished Creatures
  A gnoll (D:1)
  2 adders
  An ooze (D:2)
  A worm (D:3)
  6 dart slugs (D:1)
  A leopard gecko (D:1)
  7 bats
  A giant cockroach (D:1)
  7 goblins
  10 hobgoblins
  10 jackals
  3 kobolds
  2 ball pythons
  4 frilled lizards
  2 rats (D:1)
58 creatures vanquished.

Notes
Turn   | Place    | Note
-------+----------+-------------------------------------------
     0 | D:1      | Descartes the Naga Warper began the quest for the Orb.
     0 | D:1      | Reached XP level 1. HP: 19/19 MP: 3/3
    57 | D:1      | Reached skill level 1 in Stealth
    70 | D:1      | Found a shattered altar of Ashenzari.
    81 | D:1      | Reached XP level 2. HP: 14/26 MP: 5/5
   341 | D:1      | Learned a level 2 spell: Blink
   344 | D:1      | Learned a level 2 spell: Shroud of Golubria
   467 | D:1      | Reached skill level 2 in Stealth
   924 | D:1      | Reached skill level 3 in Stealth
   924 | D:1      | Reached XP level 3. HP: 30/32 MP: 6/6
  1519 | D:2      | Reached XP level 4. HP: 39/39 MP: 7/7
  1573 | D:2      | Found a hide-covered altar of Uskayaw.
  2173 | D:3      | Found a faded altar of an unknown god.
  2511 | D:3      | Reached skill level 1 in Armour
  2511 | D:3      | Reached skill level 4 in Stealth
  2606 | D:3      | Noticed an ice beast
  2639 | D:3      | HP: 1/39 [ice beast (5)]
  2661 | D:3      | HP: 1/39 [ice beast (5)]
  2661 | D:3      | Slain by an ice beast

Levels and vault maps discovered:
D:1:      psy_arrival_terrarium, layout_basic, evilmike_ruin_ashenzari
D:2:      layout_basic, eat_drink_and_be_merry_uskayaw
D:3:      layout_basic, chequers_ecumenical_altar_grove, uniq_robin

Skill      XL: |  1  2  3  4 |
---------------+-------------+-----
Stealth        | 1 3 4 |  4.1
Dodging        | 2 |  2.1
Armour         | 1 |  1.0
Fighting       | |  2.1
Long Blades    | |  2.0
Slings         | |  0.4
Throwing       | |  0.9
Shields        | |  0.2
Spellcasting   | |  2.7
Translocations | |  3.2

Action                   |  1- 3 |  4- 6 || total
-------------------------+-------+-------++-------
Melee: Falchion          |    64 |   116 ||   180
 Cast: Blink             |       |     2 ||     2
 Abil: Spit Poison       |     4 |     3 ||     7
  Use: Scroll            |       |     1 ||     1
       Potion            |       |     1 ||     1
 Stab: Sleeping          |     2 |     1 ||     3
  Eat: Chunk             |       |     4 ||     4
Armor: Leather armour    |    16 |    44 ||    60
Dodge: Dodged            |    47 |    70 ||   117
       Rpst.: Falchion   |    20 |    28 ||    48
